 Dungeon Crawl Stone Soup version 0.20.1-1-g8b1a95d (webtiles) character file.

2362 rezek the Covert (level 9, -2/56 HPs)
             Began as a Kobold Berserker on July 13, 2017.
             Was a High Priest of Trog.
             Slain by a wight
             ... wielding a +4 halberd
              (15 damage)
             ... on level 6 of the Dungeon.
             The game lasted 00:15:08 (7194 turns).

rezek the Covert (Kobold Berserker)                 Turns: 7194, Time: 00:15:09

Health: -2/56      AC:  5    Str: 12    XL:     9   Next: 72%
Magic:  10/10      EV: 17    Int:  8    God:    Trog [*****.]
Gold:   399        SH:  0    Dex: 20    Spells: 8/8 levels left

rFire    + . .     SeeInvis +   a - +0 short sword
rCold    . . .     Gourm    .   (shield restricted)
rNeg     . . .     Faith    +   b - +0 animal skin
rPois    .         Spirit   .   s - +0 helmet
rElec    .         Reflect  .   (no cloak)
rCorr    .         Harm     .   (no gloves)
MR       .....                  d - +0 pair of boots (curse)
Stlth    ++++......             x - amulet of faith
Regen    0.2/turn               p - +2 ring of dexterity
MPRegen  0.2/turn               F - ring of see invisible

@: berserk cooldown, slowed, heavily drained, very slow
A: carnivore 3, fire resistance 1, shaggy fur 1, weak 1, subdued magic 1
a: Berserk, Trog's Hand, Brothers in Arms, Burn Spellbooks, Renounce Religion


You were on level 6 of the Dungeon.
You worshipped Trog.
Trog was extremely pleased with you.
You were very full.

You visited 2 branches of the dungeon, and saw 7 of its levels.

You collected 399 gold pieces.

Inventory:

Hand Weapons
 a - a +0 short sword (weapon)
Armour
 b - a +0 animal skin (worn)
 d - a cursed +0 pair of boots (worn)
 s - a +0 helmet (worn)
Jewellery
 p - a +2 ring of dexterity (left hand)
 v - a +4 amulet of reflection {unknown}
 x - an amulet of faith (around neck)
 F - a ring of see invisible (right hand)
Wands
 E - a wand of lightning (8/15)
Scrolls
 e - a scroll of fog {unknown}
 f - 4 scrolls of remove curse
 h - 2 scrolls of identify
 k - a scroll of fear {unknown}
 o - 3 scrolls of blinking {unknown}
 q - a scroll of amnesia {unknown}
 r - a scroll of immolation {unknown}
 u - 7 scrolls of teleportation {unknown}
 z - a scroll of enchant weapon {unknown}
 D - a scroll of recharging {unknown}
 H - a scroll of magic mapping {unknown}
Potions
 g - 2 potions of curing
 i - a potion of agility {unknown}
 l - 3 potions of ambrosia
 m - 3 potions of flight {unknown}
 n - a potion of berserk rage {unknown}
 t - a potion of invisibility {unknown}
 w - 2 potions of haste
 A - a potion of might {unknown}
 B - a potion of degeneration {unknown}
 C - a potion of heal wounds {unknown}
Books
 y - a book of Cantrips

   Spells                             Type                      Level
   a - Confusing Touch                Hexes                        1
   b - Animate Skeleton               Necromancy                   1
   c - Summon Small Mammal            Summoning                    1
   d - Apportation                    Translocation                1
   Trog disapproves of the use of such an item.
Comestibles
 c - 3 meat rations
 j - a royal jelly
 G - a chunk of flesh


   Skills:
 + Level 6.4(5.1) Fighting
 + Level 10.0(8.6) Short Blades
 + Level 1.6(0.5) Armour
 + Level 5.2(4.0) Dodging
 * Level 10.4(9.0) Stealth
 * Level 2.6(1.4) Evocations


You had 8 spell levels left.
You didn't know any spells.

Dungeon Overview and Level Annotations

Branches:
Dungeon (6/15)             Temple (1/1) D:4

Altars:
Cheibriados
Dithmenos
Elyvilon
Fedhas
Kikubaaqudgha
Makhleb
Nemelex Xobeh
Okawaru
Qazlal
Sif Muna
Trog
Vehumet
Yredelemnul


Innate Abilities, Weirdness & Mutations

You are small and have problems with some larger weapons.
You are carnivorous and can eat meat at any time.
Your flesh is heat resistant. (rF+)
You are covered in fur. (AC +1)
You are weak. (Str -2)
Your spells are a little easier to cast, but a little less powerful.


Message History

The wight barely misses you. x2
You hit the wight.
The wight is severely damaged.
The wight hits you from afar with a spear.
You feel drained.
You hit the wight but do no damage.
The wight is severely damaged.
The wight completely misses you. The wight hits you but does no damage.
The wight hits you from afar with an enchanted halberd.
You feel drained. The wight completely misses you.
You see here a hound corpse.
You closely miss the wight.
The wight hits you from afar with an enchanted halberd!
The wight hits you with a spear.
* * * LOW HITPOINT WARNING * * *
You feel drained.
* * * LOW HITPOINT WARNING * * *
You hit the wight but do no damage. The wight barely misses you.
The wight hits you from afar with an enchanted halberd!
You die...

..#.....##...........#
.##.....##.#####.###.#
........##.# #.# #.#
####....##.# #.# #.# #
###'###.# #.# #.###### #
#..##.#####.###......#
#######.##..........#####.#
.....##.)#..#O#####.# #.#
.............hz)@z..# #.#
.###.###.....r#####.#####.#
#. ##.......# #.......# #z
#...#.#.# #..###### z.
#...#.#.# ##.# #.
#...###.####.# .z ##..#
#.##...# #. #..# #.##.#.#
##.# #.##.###


You could see an ogre, a hound, 2 wights and a quokka.

Vanquished Creatures
  The ghost of noisi the Slasher, a novice TeMo (D:4)
  Grinder (D:5)
  Sigmund (D:3)
  A sky beast (D:5)
  A phantom (D:5)
  3 centaurs
  2 ogres
  A bullfrog (D:4)
  2 scorpions
  6 wights
  2 crimson imps (D:6)
  A bullfrog zombie (D:5)
  A gnoll shaman (D:5)
  3 hounds
  2 orc wizards
  2 orc priests (D:4)
  3 worker ants
  A hound skeleton (D:4)
  Robin (D:2)
  5 gnolls (D:5)
  14 adders
  2 shadow imps (D:5)
  2 oozes (D:1)
  An adder skeleton (D:4)
  4 worms
  3 dart slugs
  10 leopard geckos
  12 orcs
  3 giant cockroaches
  18 goblins
  6 hobgoblins
  12 jackals
  5 kobolds
  2 quokkas
  A ball python (D:1)
  4 bats
  3 frilled lizards
  A giant cockroach zombie (D:5)
  A leopard gecko skeleton (D:6)
  3 rats
147 creatures vanquished.

Notes
Turn   | Place    | Note
-------+----------+-------------------------------------------
     0 | D:1      | rezek the Kobold Berserker began the quest for the Orb.
     0 | D:1      | Reached XP level 1. HP: 14/14 MP: 1/1
   183 | D:1      | Reached skill level 1 in Stealth
   185 | D:1      | Reached XP level 2. HP: 15/19 MP: 2/2
   413 | D:1      | Reached XP level 3. HP: 1/24 MP: 3/3
   837 | D:1      | Reached ** piety under Trog
  1196 | D:2      | Found a blossoming altar of Fedhas.
  1238 | D:2      | Noticed Robin
  1357 | D:2      | Reached XP level 4. HP: 29/29 MP: 4/4
  1439 | D:2      | Reached skill level 5 in Short Blades
  1791 | D:2      | Found a white marble altar of Elyvilon.
  2245 | D:2      | Killed Robin
  2355 | D:2      | Reached XP level 5. HP: 33/33 MP: 5/5
  3155 | D:3      | Reached *** piety under Trog
  3224 | D:3      | Reached XP level 6. HP: 37/39 MP: 6/6
  3334 | D:3      | Noticed Sigmund
  3344 | D:3      | Killed Sigmund
  3429 | D:3      | Found a basalt altar of Yredelemnul.
  3431 | D:3      | Reached XP level 7. HP: 44/44 MP: 7/7
  3672 | D:3      | Reached skill level 5 in Stealth
  3838 | D:4      | Noticed noisi's ghost (novice TeMo)
  3858 | D:4      | Killed noisi's ghost
  3858 | D:4      | Reached skill level 5 in Fighting
  3899 | D:4      | Reached XP level 8. HP: 12/49 MP: 8/8
  4224 | D:4      | Found a burning altar of Makhleb.
  4628 | D:4      | Found a staircase to the Ecumenical Temple.
  4635 | Temple   | Entered the Ecumenical Temple
  5240 | D:5      | Entered Level 5 of the Dungeon
  5407 | D:5      | Reached **** piety under Trog
  5681 | D:5      | Reached skill level 5 in Dodging
  5712 | D:5      | Reached XP level 9. HP: 28/55 MP: 9/9
  6386 | D:5      | Noticed Grinder
  6441 | D:5      | Gained mutation: You are covered in fur. (AC +1) [potion of mutation]
  6441 | D:5      | Gained mutation: Your spells are a little easier to cast, but a little less powerful. [potion of mutation]
  6441 | D:5      | Gained mutation: You are weak. (Str -2) [potion of mutation]
  6441 | D:5      | Gained mutation: Your flesh is heat resistant. (rF+) [potion of mutation]
  6469 | D:5      | Killed Grinder
  6469 | D:5      | Reached skill level 1 in Evocations
  6668 | D:6      | Reached skill level 10 in Stealth
  6739 | D:6      | Reached skill level 10 in Short Blades
  7170 | D:6      | Reached ***** piety under Trog
  7194 | D:6      | Slain by a wight

Skill      XL: |  1  2  3  4  5  6  7  8  9 |
---------------+----------------------------+-----
Stealth        | 1 2 3 4 6 8 10 | 10.4
Fighting       | 4 5 6 |  6.4
Short Blades   | 5 6 7 9 10 | 10.0
Dodging        | 3 4 5 |  5.2
Evocations     | 2 |  2.6
Armour         | |  1.6

Action                   |  1- 3 |  4- 6 |  7- 9 || total
-------------------------+-------+-------+-------++-------
Melee: Short sword       |   103 |   161 |   385 ||   649
Invok: Berserk           |     5 |     9 |    13 ||    27
  Use: Scroll            |       |       |     5 ||     5
       Potion            |       |       |     1 ||     1
 Stab: Sleeping          |     3 |     5 |    16 ||    24
       Distracted        |       |     1 |     1 ||     2
  Eat: Chunk             |    14 |    16 |    23 ||    53
Armor: Animal skin       |    15 |    12 |    22 ||    49
Dodge: Dodged            |    77 |    90 |   192 ||   359
